 Dungeon Crawl Stone Soup version 0.29-a0-1016-g236c7fd91e (webtiles) character file.

Game seed: 6856225033099290406

513 miscthings the Chopper (level 7, -4/55 HPs)
             Began as a Meteoran Artificer on Aug 9, 2022.
             Slain by an ogre
             ... wielding a +0 giant club
              (26 damage)
             ... on level 4 of the Dungeon.
             The game lasted 00:07:39 (1950 turns).

miscthings the Chopper (Meteoran Artificer)         Turns: 1950, Time: 00:07:40

Health: -4/55      AC:  6    Str: 15    XL:     7   Next: 72%
Magic:  8/8        EV:  9    Int: 16    God:
Gold:   27         SH: 13    Dex: 15    Spells: 6/6 levels left

rFire   . . .      SeeInvis .   a - +0 hand axe
rCold   x . .      Faith    .   f - +5 kite shield of Xyohashy {rC- Will+ Int+3}
rNeg    . . .      Spirit   .   k - +0 ring mail
rPois   .          Reflect  .   n - +0 helmet
rElec   .          Harm     .   (no cloak)
rCorr   .          Rampage  .   (no gloves)
Will    +....                   (no boots)
Stlth   +.........              (no amulet)
HPRegen 0.18/turn               (no ring)
MPRegen 0.11/turn               (no ring)

@: glowing
A: sense surroundings 1, otherworldly, glowing, explore regen
a: no special abilities


You were on level 4 of the Dungeon.
You visited 1 branch of the dungeon, and saw 4 of its levels.

You collected 115 gold pieces.
You spent 88 gold pieces at shops.

Inventory:

Hand Weapons
 a - a +0 hand axe (weapon)
 l - a +0 rapier
Armour
 f - the +5 kite shield of Xyohashy (worn) {rC- Will+ Int+3}
   (You acquired it on level 4 of the Dungeon)

   Int:       It affects your intelligence (+3).
   rC:        It makes you vulnerable to cold.
   Will:      It increases your willpower.
 h - a +0 kite shield
 k - a +0 ring mail (worn)
 n - a +0 helmet (worn)
Wands
 c - a wand of flame (5) (quivered)
 d - a wand of charming (12)
 e - a wand of iceblast (7)
 r - a wand of mindburst (16)
Scrolls
 b - a scroll of vulnerability {unknown}
 s - a scroll of fear
 t - a scroll of teleportation
 u - a scroll of blinking {unknown}
Potions
 i - a potion of haste
 j - a potion of mutation
 m - 2 potions of heal wounds
 o - a potion of curing
 p - 2 potions of might
 q - 2 potions of flight


   Skills:
 - Level 2.0 Fighting
 + Level 7.3 Axes
 - Level 3.2 Armour
 - Level 2.2 Dodging
 - Level 0.8 Stealth
 - Level 1.5 Shields
 - Level 4.2 Evocations


You had 6 spell levels left.
You didn't know any spells.
Your spell library contained the following spells:

 Spells                   Type           Power      Damage    Failure   Level
 Anguish                  Hex/Necr       0%         N/A       100%        4
 Enfeeble                 Hex            0%         N/A       100%        7


Dungeon Overview and Level Annotations

Branches:
Dungeon (4/15) Zot: 578
 Temple: D:4-7

Altars:

Shops:
D:3 ?


Innate Abilities, Weirdness & Mutations

You passively map a small area around you.
You are easily found by Zot.
You glow in the dark.
You regain HP and MP as you explore.


Message History

You block the gnoll's attack.
You hit the gnoll.
The gnoll is heavily wounded.
Your ogre closely misses the ball python.
You block the gnoll's attack.
You barely miss the gnoll.
The gnoll is moderately wounded.
The gnoll barely misses you.
You hit the gnoll but do no damage.
The gnoll is moderately wounded.
Your ogre hits the ball python with a +0 giant club!
The ball python dies!
The gnoll hits you with a +0 spear.
The gnoll hits you from afar with a +0 spear.
Your ogre hits the gnoll with a +0 giant club!
The gnoll dies!
Okay, then.
Aiming: Throw Flame
Press: ? - help, Q - select action, (/) - cycle Shift-Dir - straight line, p - ogre
Aiming: Throw Flame
Press: ? - help, Q - select action, (/) - cycle Shift-Dir - straight line, f - ogre
Aim: an ogre, wielding a +0 giant club (moderately wounded, charmed, wandering, friendly, 86% to hit)
Really fire at your ogre? The puff of flame hits your ogre!
Your ogre is severely wounded.
The ogre is no longer charmed.
The ogre shouts!
Aiming: Throw Flame
Press: ? - help, Q - select action, (/) - cycle Shift-Dir - straight line, p - ogre You can't see that place. [a rock wall.]
Aiming: Throw Flame
Press: ? - help, Q - select action, (/) - cycle Shift-Dir - straight line, f/p - ogre
Aim: an ogre, wielding a +0 giant club (severely wounded, 86% to hit)
The puff of flame hits the ogre.
The ogre is almost dead.
You hit the ogre.
The ogre is almost dead.
The ogre hits you with a +0 giant club!!
You die...

.#* #.)# * * .#######
#).###.# .[(....#
##......# ?#####.#
#).#.#### .# #.# ###
#)##.# .#####.#
##.###.#*.#
.......####...##.##..
,
.####.......>...O.###
, .# ###.###....##@.#
.# #.....#.#.###..#
*, .#
#.###.#.#.#....#
..... #.....#....#
.###.###.#...#....###
.#
...................,
,###...[..........##
#####..........#
#..##...##.#


You could see an ogre.

Vanquished Creatures
  A black bear (D:3)
  An ogre (D:4)
  A scorpion (D:4)
  A gnoll bouda (D:4)
  2 orc wizards (D:3)
  An iguana (D:4)
  Robin (D:2)
  2 gnolls (D:4)
  2 adders (D:3)
  3 dart slugs
  7 orcs (D:3)
  7 ball pythons
  5 bats
  7 endoplasms
  A giant cockroach (D:1)
  15 goblins
  10 hobgoblins
  6 jackals
  2 quokkas
  2 frilled lizards
  9 kobolds
  8 rats
94 creatures vanquished.

Vanquished Creatures (collateral kills)
  3 gnolls (D:4)
  A worm (D:4)
  A ball python (D:4)
  An endoplasm (D:4)
  3 goblins (D:4)
  A kobold (D:4)
10 creatures vanquished.

Grand Total: 104 creatures vanquished

Notes
Turn   | Place    | Note
-------+----------+-------------------------------------------
     0 | D:1      | miscthings the Meteoran Artificer began the quest for the
                  | Orb.
     0 | D:1      | Reached XP level 1. HP: 16/16 MP: 2/2
   192 | D:1      | Reached XP level 2. HP: 23/23 MP: 3/3
   319 | D:1      | Reached XP level 3. HP: 20/28 MP: 4/4
   473 | D:1      | Reached skill level 1 in Shields
   492 | D:1      | Glimpsed the power of Zot.
   541 | D:1      | Glimpsed the power of Zot.
   580 | D:1      | Glimpsed the power of Zot.
   590 | D:1      | Touched by the power of Zot.
   645 | D:1      | Found a faded altar of an unknown god.
   676 | D:2      | Reached XP level 4. HP: 20/26 MP: 5/5
   904 | D:2      | Reached skill level 1 in Axes
   908 | D:2      | Noticed Robin
   936 | D:2      | Killed Robin
   937 | D:2      | Reached XP level 5. HP: 10/38 MP: 6/6
  1183 | D:3      | Noticed a black bear
  1184 | D:3      | Killed a black bear
  1185 | D:3      | Reached skill level 3 in Axes
  1185 | D:3      | Reached XP level 6. HP: 45/48 MP: 7/7
  1202 | D:3      | Reached skill level 4 in Axes
  1497 | D:3      | Found Veodwof's Magic Scroll Shoppe.
  1505 | D:3      | Bought a scroll of fear for 44 gold pieces
  1505 | D:3      | Bought a scroll of teleportation for 33 gold pieces
  1505 | D:3      | Bought a scroll of noise for 11 gold pieces
  1625 | D:3      | Identified the +2 ring mail of Hoinyin {rC- rN++ Will+ MP+9
                  | Dex+4}
  1638 | D:3      | Reached skill level 5 in Axes
  1733 | D:4      | Reached XP level 7. HP: 24/55 MP: 8/8
  1820 | D:4      | Identified a scroll of acquirement
  1822 | D:4      | Acquired the +5 kite shield of Xyohashy {rC- Will+ Int+3}
  1877 | D:4      | Reached skill level 6 in Axes
  1919 | D:4      | Reached skill level 7 in Axes
  1950 | D:4      | Slain by an ogre

Illustrated notes

Levels and vault maps discovered:
D:1:      eino_arrival_water_cross, layout_basic,
          shapermc_ecumenical_altar_ellora, nicolae_kite_square_tiling_tiny,
          chequers_serial_rivers_micro_b, grunt_decor_fettered
D:2:      layout_rooms, uniq_robin
D:3:      layout_loops_ring, serial_shops, shop
D:4:      layout_loops_ring, nicolae_qazlal_eye_of_the_storm

Skill      XL: |  1  2  3  4  5  6  7 |
---------------+----------------------+-----
Evocations     | 4 |  4.2
Shields        | 1 |  1.5
Dodging        | 2 |  2.2
Armour         | 3 |  3.2
Fighting       | 2 |  2.0
Axes           | 1 3 5 7 |  7.3
Stealth        | |  0.8

Action                   |  1- 3 |  4- 6 |  7- 9 || total
-------------------------+-------+-------+-------++-------
Melee: Dagger            |    55 |       |       ||    55
       Club              |     9 |       |       ||     9
       Short sword       |    72 |    15 |       ||    87
       Punch             |     1 |     1 |       ||     2
       Hand axe          |       |   165 |    49 ||   214
       Rapier            |       |    31 |       ||    31
Evoke: Wand              |     2 |     7 |    10 ||    19
  Use: Scroll            |       |       |     9 ||     9
Armor: Leather armour    |    47 |       |       ||    47
       Ring mail         |     8 |   109 |     5 ||   122
Dodge: Dodged            |    78 |   109 |    17 ||   204
Block: Kite shield       |       |    54 |    32 ||    86

Table legend: (Time is in decaauts)
 A = Elapsed time spent in this place.
 B = Non-inter-level travel time spent in this place.
 C = Inter-level travel time spent in this place.
 D = Time resting spent in this place.
 E = Time spent auto-exploring this place.
 F = Levels seen in this place.
 G = Mean time per level.
                   A        B        C        D        E       F      G
               +--------+--------+--------+--------+--------+-----+--------+
         Total |   2020 |   1986 |     34 |      0 |    907 |   4 |  505.0 |
       Dungeon |   2020 |   1986 |     34 |      0 |    907 |   4 |  505.0 |
               +--------+--------+--------+--------+--------+-----+--------+

Top non-repeatable levels by time:
     D:1: 681 daAuts
     D:2: 531 daAuts
     D:3: 530 daAuts
     D:4: 277 daAuts
